 Dungeon Crawl Stone Soup version 0.26.0-41-g79a4fc7684 (webtiles) character file.

Game seed: 1314121975387877294

315 thiole the Sneak (level 6, -7/39 HPs)
             Began as an Octopode Hedge Wizard on Jan 27, 2021.
             Mangled by a hornet zombie (8 damage)
             ... on level 5 of the Dungeon.
             The game lasted 00:06:10 (4754 turns).

thiole the Sneak (Octopode Hedge Wizard)            Turns: 4754, Time: 00:06:10

Health: -7/39      AC:  1    Str:  9    XL:     6   Next: 44%
Magic:  2/12       EV: 13    Int: 19    God:
Gold:   239        SH:  0    Dex: 11    Spells: 5/13 levels left

rFire    . . .     SeeInvis .   o - +2 dagger (drain)
rCold    . . .     Faith    .   (no shield)
rNeg     + . .     Spirit   .   b - +0 hat
rPois    .         Reflect  .   (no amulet)
rElec    .         Harm     .   f - ring of positive energy
rCorr    .         Rampage  .   (no ring)
Will     .....                  (no ring)
Stlth    ++++......             (no ring)
HPRegen  0.13/turn              (no ring)
MPRegen  0.13/turn              (no ring)
                                (no ring)
                                (no ring)

@: attractive
A: almost no armour, stealthy swim, amphibious, 8 rings, constrict 8, camouflage
1, gelatinous body 1
a: no special abilities


You were on level 5 of the Dungeon.
You visited 1 branch of the dungeon, and saw 5 of its levels.

You collected 239 gold pieces.

Inventory:

Hand Weapons
 a - a +0 dagger
 o - a +2 dagger of draining (weapon)
Missiles
 c - 59 stones
Armour
 b - a +0 hat (worn)
Jewellery
 f - a ring of positive energy (left tentacle)
 p - an uncursed amulet of guardian spirit {unknown}
 r - a cursed -4 ring of protection {unknown}
 w - an uncursed ring of wizardry {unknown}
 x - an uncursed ring of fire {unknown}
Scrolls
 d - a scroll of noise {unknown}
 g - 2 scrolls of teleportation {unknown}
 h - 2 scrolls of identify {unknown}
 i - 4 scrolls of remove curse {unknown}
 j - a scroll of random uselessness {unknown}
 l - a scroll of fog {unknown}
 m - 2 scrolls of enchant armour {unknown}
 q - a scroll of blinking {unknown}
 s - a scroll of immolation {unknown}
 v - a scroll of enchant weapon {unknown}
Potions
 k - a potion of cancellation
 u - a potion of invisibility {unknown}


   Skills:
 + Level 2.2 Fighting
 - Level 2.0 Dodging
 - Level 5.0 Stealth
 - Level 4.0 Spellcasting
 - Level 2.0 Conjurations
 - Level 2.0 Summonings
 - Level 1.0 Translocations
 - Level 2.0 Air Magic
 - Level 2.0 Poison Magic


You had 5 spell levels left.
You knew the following spells:

 Your Spells              Type           Power        Failure   Level
a - Magic Dart            Conj           44%          6%          1
b - Call Imp              Summ           11%          9%          2
c - Blink                 Tloc           N/A          14%         2
d - Mephitic Cloud        Conj/Pois/Air  11%          19%         3

Your spell library contained the following spells:

 Spells                   Type           Power        Failure   Level
 Slow                     Hex            3%           21%         2
 Conjure Flame            Conj/Fire      7%           26%         3


Dungeon Overview and Level Annotations

Branches:
Dungeon (5/15)
 Temple: D:4-7

Altars:
Ashenzari
Kikubaaqudgha
Makhleb
Sif Muna


Innate Abilities, Weirdness & Mutations

You cannot wear most types of armour.
You are very stealthy in the water. (Stealth+)
You are amphibious.
You can wear up to eight rings at the same time.
You can use your tentacles to constrict eight enemies at once.
Your skin changes colour to match your surroundings (Stealth+).
Your rubbery body absorbs attacks. (AC +1, EV +1)


Message History

You constrict the hornet zombie. The hornet zombie hits you!
* * * LOW HITPOINT WARNING * * *
Your crimson imp barely misses the hornet zombie.
It was a potion of curing.
You feel better.
You constrict the hornet zombie. The hornet zombie closely misses you.
Your crimson imp hits the hornet zombie but does no damage.
Casting: Magic Dart (safe; 6% risk of failure)
Confirm with . or Enter, or press ? or * to list all spells.
Okay, then.
You release your grip on the hornet zombie.
The hornet zombie hits you!
* * * LOW HITPOINT WARNING * * *
You start putting on your amulet.
You continue putting on your dented bone amulet.
The hornet zombie hits you but does no damage.
Keep equipping yourself?
Your crimson imp hits the hornet zombie.
You continue putting on your dented bone amulet.
The hornet zombie hits you!
You die...

(... ...# ...#
... .. #
.#.#.##
#######.......
#.@Z5).....$..
#.######......
#.#### .#...
#....# # .
####.#
#.######
#.#....#
###.#.##.#
#........#


You could see a hornet zombie and a friendly crimson imp (summoned).

Vanquished Creatures
  A howler monkey (D:4)
  A hound (D:4)
  An orc priest (D:3)
  An orc wizard (D:4)
  An iguana (D:4)
  A worker ant (D:4)
  5 adders
  2 oozes
  3 worms
  A dart slug (D:1)
  5 leopard geckos
  3 orcs
  2 ball pythons
  6 bats
  5 giant cockroaches
  7 goblins
  4 hobgoblins
  5 jackals (D:4)
  2 quokkas
  3 frilled lizards
  9 kobolds
  7 rats
75 creatures vanquished.

Notes
Turn   | Place    | Note
-------+----------+-------------------------------------------
     0 | D:1      | thiole the Octopode Hedge Wizard began the quest for the
                  | Orb.
     0 | D:1      | Reached XP level 1. HP: 11/11 MP: 4/4
   236 | D:1      | Reached XP level 2. HP: 6/17 MP: 1/6
   500 | D:1      | Reached skill level 3 in Stealth
   787 | D:1      | Reached XP level 3. HP: 21/21 MP: 0/7
  1783 | D:2      | Found a shimmering blue altar of Sif Muna.
  1784 | D:2      | Found an ancient bone altar of Kikubaaqudgha.
  1786 | D:2      | Found a burning altar of Makhleb.
  1869 | D:2      | Reached XP level 4. HP: 27/27 MP: 3/9
  1949 | D:2      | Found a broken altar of Ashenzari.
  2168 | D:2      | Reached skill level 4 in Stealth
  2633 | D:3      | Learned a level 2 spell: Call Imp
  2636 | D:3      | Learned a level 2 spell: Blink
  2640 | D:3      | Learned a level 3 spell: Mephitic Cloud
  3417 | D:3      | Reached skill level 1 in Poison Magic
  3492 | D:3      | Reached skill level 1 in Air Magic
  3492 | D:3      | Reached XP level 5. HP: 27/31 MP: 3/10
  3722 | D:4      | Reached XP level 6. HP: 30/36 MP: 9/12
  3855 | D:4      | Reached skill level 5 in Stealth
  3886 | D:4      | Reached skill level 1 in Fighting
  4690 | D:5      | Entered Level 5 of the Dungeon
  4752 | D:5      | HP: 1/39 [hornet zombie (11)]
  4754 | D:5      | Mangled by a hornet zombie

Illustrated notes

Levels and vault maps discovered:
D:1:      grunt_arrival_lava_bath, layout_loops_ring
D:2:      layout_basic, nicolae_ashenzari_panopticon,
          nicolae_overflow_hidden_temple
D:3:      layout_loops_ring
D:4:      layout_loops_ring, minmay_misc_feat_room
D:5:      layout_basic, serial_shops, shop, nrook_loot_triangle,
          minmay_misc_feat_roman, kennysheep_boxes

Skill      XL: |  1  2  3  4  5  6 |
---------------+-------------------+-----
Stealth        | 3 4 5 |  5.0
Conjurations   | 2 |  2.0
Summonings     | 2 |  2.0
Poison Magic   | 1 2 |  2.0
Air Magic      | 1 2 |  2.0
Spellcasting   | 4 |  4.0
Fighting       | 2 |  2.2
Dodging        | |  2.0
Translocations | |  1.0

Action                   |  1- 3 |  4- 6 || total
-------------------------+-------+-------++-------
Melee: Dagger            |    18 |    65 ||    83
       Constrict         |     5 |    14 ||    19
       Tentacles         |     3 |     9 ||    12
 Cast: Magic Dart        |    72 |   114 ||   186
       Call Imp          |       |     7 ||     7
  Use: Potion            |     4 |     3 ||     7
 Stab: Sleeping          |     1 |     1 ||     2
Armor: Skin              |       |     4 ||     4
Dodge: Dodged            |    24 |    40 ||    64
